cohdb
Replays
Latest Replays
All Replays
Popular Replays
Top Player Replays
Match Explorer
How It Works
Community
CoH3 Stats
Reddit
Sign in to upload your games and track your stats! →
Sign in with Steam
Match 44134801
Unlisted
Match 44134801
Overview
Messages
Build Orders
End
Construct Section Command Post
Selects Heavy Armor Battlegroup
Dingo Light Scout Car
Infantry Section
Vickers Machine Gun Team
Infantry Section
Construct Field Infirmary
Grenade Package
Vickers Machine Gun Team
Selects Engineer Detachments
Construct Platoon Command Post
6-pounder Anti-tank Gun Team
Humber Armored Car
Royal Engineer Section
Selects Light Vehicle Withdraw and Refit
Selects UNKNOWN (202330)
Infantry Section
Humber Armored Car
HomerSub
우주비행사
Northilink
woof_raff
0
0
Comments
sign in to comment!
No comments posted yet!